 Dungeon Crawl Stone Soup version 0.22-a0-419-g492bfec (webtiles) character file.

74 4thArraOfDagon the Cudgeler (level 3, -4/30 HPs)
             Began as a Demigod Warper on May 15, 2018.
             Slain by an orc
             ... wielding a +0 flail
              (7 damage)
             ... on level 3 of the Dungeon.
             The game lasted 00:03:25 (1867 turns).

4thArraOfDagon the Cudgeler (Demigod Warper)        Turns: 1867, Time: 00:03:25

Health: -4/30      AC:  3    Str: 14    XL:     3   Next: 85%
Magic:  8/8        EV: 12    Int: 19    God:
Gold:   111        SH:  0    Dex: 15    Spells: 6/6 levels left

rFire    . . .     SeeInvis .   a - +0 mace
rCold    . . .     Gourm    .   (no shield)
rNeg     . . .     Faith    .   b - +0 leather armour
rPois    .         Spirit   .   (no helmet)
rElec    .         Reflect  .   (no cloak)
rCorr    .         Harm     .   (no gloves)
MR       .....                  (no boots)
Stlth    +.........             (no amulet)
HPRegen  0.10/turn              (no ring)
MPRegen  0.11/turn              (no ring)

@: no status effects
A: high mp 1
a: no special abilities


You were on level 3 of the Dungeon.
You were hungry.

You visited 1 branch of the dungeon, and saw 3 of its levels.

You collected 111 gold pieces.

Inventory:

Hand Weapons
 a - a +0 mace (weapon)
Missiles
 e - 5 tomahawks of dispersal (quivered)
 r - a throwing net
Armour
 b - a +0 leather armour (worn)
Scrolls
 d - a scroll of blinking
 g - 2 scrolls of teleportation {unknown}
 h - 2 scrolls of enchant armour {unknown}
 j - 5 scrolls of identify {unknown}
 k - 3 scrolls of amnesia {unknown}
 n - a scroll of immolation {unknown}
 o - 2 scrolls of remove curse {unknown}
 p - a scroll of random uselessness {unknown}
 q - a scroll of fog {unknown}
Potions
 c - 2 potions of agility
 l - a potion of berserk rage {unknown}
 m - a potion of mutation {unknown}
 t - a potion of lignification {unknown}
Comestibles
 f - 4 rations
 s - 2 chunks of flesh


   Skills:
 + Level 2.3 Fighting
 * Level 3.0 Maces & Flails
 - Level 0.8 Throwing
 + Level 1.6 Armour
 - Level 2.0 Dodging
 - Level 2.0 Spellcasting
   Level 2.6 Translocations


You had 6 spell levels left.
You didn't know any spells.
Your spell library contained the following spells:

 Spells                   Type           Power        Failure   Level  Hunger
 Confuse                  Hex            #.......     52%         3    ###....
 Teleport Other           Tloc           ##......     21%         3    ###....
 Blink                    Tloc           N/A          11%         2    ###....
 Confusing Touch          Hex            #.....       21%         1    #......
 Metabolic Englaciation   Hex/Ice        #.........   99%         5    ######.
 Petrify                  Tmut/Erth      #.......     90%         4    #####..
 Passage of Golubria      Tloc           N/A          56%         4    #####..
 Shroud of Golubria       Chrm/Tloc      #.........   19%         2    ###....
 Gell's Gravitas          Tloc           ##........   21%         3    ###....
 Yara's Violent Unravell  Hex/Tmut       #.........   99%         5    ######.
 Lesser Beckoning         Tloc           ##........   21%         3    ###....


Dungeon Overview and Level Annotations

Branches:
Dungeon (3/15)

Shops:
D:3 *


Innate Abilities, Weirdness & Mutations

You have an increased reservoir of magic. (+10% MP)


Message History

Unknown command.
The orc hits you but does no damage. The orc misses you.
Unknown command.
The orc throws an exploding tomahawk.
The exploding tomahawk barely misses you.
The exploding tomahawk explodes!
The explosion of tomahawk fragments engulfs you!
You hear a shout!
Unknown command.
Unknown command.
It was a potion of agility.
You feel agile all of a sudden.
Unknown command.
Unknown command.
It was a potion of cancellation.
Your magical effects are unravelling.
You feel magically purged.
You feel a little less agile now. The orc hits you with a flail!
You die...

#.# #.##.) . #.# #
#.##.# .###.# #.#
#.#.##.##.##......
#.#
#.................
#.#
######.###.##.##.#
#.# #.# #.# .#
#.########[###.# .#
#.............o##.#
##########....oo@.#
##########


You could see 3 orcs.

Vanquished Creatures
  An adder (D:3)
  An ooze (D:1)
  A dart slug (D:1)
  3 leopard geckos (D:1)
  An orc (D:3)
  3 ball pythons
  4 bats
  3 giant cockroaches
  7 goblins
  4 hobgoblins (D:1)
  3 jackals (D:3)
  7 frilled lizards
  7 kobolds (D:1)
  8 rats
  A plant (D:1)
54 creatures vanquished.

Notes
Turn   | Place    | Note
-------+----------+-------------------------------------------
     0 | D:1      | 4thArraOfDagon the Demigod Warper began the quest for the Orb.
     0 | D:1      | Reached XP level 1. HP: 17/17 MP: 5/5
   169 | D:1      | Reached skill level 2 in Maces & Flails
   169 | D:1      | Reached skill level 1 in Armour
   447 | D:1      | Reached XP level 2. HP: 24/24 MP: 7/7
  1008 | D:1      | Reached XP level 3. HP: 23/29 MP: 8/8
  1718 | D:3      | Found Zin's Purification Station.
  1720 | D:3      | Found a glowing silver altar of Zin.
  1761 | D:3      | Reached skill level 3 in Maces & Flails
  1867 | D:3      | Slain by an orc

Vault maps used:
D:1:      dpeg_arrival_refuge, serial_forest, infiniplex_forest_lined_4_way,
          infiniplex_forest_clump_C, infiniplex_forest_clump_small,
          infiniplex_forest_join, infiniplex_forest_straight_2,
          infiniplex_forest_side_room, st_stairs_4
D:2:      lemuel_doored_altar, grunt_decor_arrowhead, uniq_natasha
D:3:      zin_purify, minmay_misc_feat_room, uniq_grinder, uniq_ijyb

Skill      XL: |  1  2  3 |
---------------+----------+-----
Maces & Flails | 2 3 |  3.0
Armour         | 1 |  1.6
Dodging        | 2 |  2.0
Fighting       | 2 |  2.3
Spellcasting   | 2 |  2.0
Throwing       | |  0.8
Translocations | |  2.6

Action                   || total
-------------------------++-------
Melee: Mace              ||   221
  Use: Potion            ||     2
 Stab: Sleeping          ||     1
  Eat: Chunk             ||     3
Armor: Leather armour    ||    44
Dodge: Dodged            ||   125

Table legend:
 A = Spawn XP
 B = Non-spawn XP
 C = Spawn XP percentage of total XP
 D = Spawn monster count
 E = Non-spawn monster count
 F = Spawn count percentage of total count
 G = Total turns spent on level
                    A         B        C        D         E        F      G
               +---------+---------+-------+---------+---------+-------+---------
         Total |       0 |     106 |   0.0 |       0 |      53 |   0.0 |  1867
               +---------+---------+-------+---------+---------+-------+---------
           D:1 |       0 |      66 |   0.0 |       0 |      35 |   0.0 |  1475
           D:2 |       0 |       9 |   0.0 |       0 |       7 |   0.0 |   150
           D:3 |       0 |      31 |   0.0 |       0 |      11 |   0.0 |   242
               +---------+---------+-------+---------+---------+-------+---------
